 Dungeon Crawl Stone Soup version 0.29-a0-330-g52719c12eb (webtiles) character file.

Game seed: 10002606174799370032

21 kae the Insei (level 2, -1/23 HPs)
             Began as a Demigod Transmuter on Apr 23, 2022.
             Slain by Sigmund
             ... wielding a +5 scythe of flaming
              (2 damage)
             ... on level 2 of the Dungeon.
             The game lasted 00:00:42 (1264 turns).

kae the Insei (Demigod Transmuter)                  Turns: 1264, Time: 00:00:43

Health: -1/23      AC:  4    Str:  8 (11) XL:     2   Next: 45%
Magic:  6/7        EV: 12    Int: 13 (15) God:
Gold:   50         SH:  0    Dex: 11 (14) Spells: 2/5 levels left

rFire   . . .      SeeInvis .     - Unarmed
rCold   . . .      Faith    .   (no shield)
rNeg    . . .      Spirit   .   a - +0 robe
rPois   .          Reflect  .   (no helmet)
rElec   .          Harm     .   (no cloak)
rCorr   .          Rampage  .   g - +1 pair of gloves
Will    .....                   (no boots)
Stlth   ..........              (no amulet)
HPRegen 0.07/turn               (no ring)
MPRegen 0.10/turn               (no ring)

@: silenced, wereblooded
A: high MP 1, forlorn, divine attributes
a: no special abilities


You were on level 2 of the Dungeon.
You visited 1 branch of the dungeon, and saw 2 of its levels.

You collected 50 gold pieces.

Inventory:

Armour
 a - a +0 robe (worn)
 g - a +1 pair of gloves (worn)
Jewellery
 d - a ring of flight
Scrolls
 h - a scroll of amnesia {unknown}
 i - a scroll of identify {unknown}
Potions
 b - a potion of lignification


   Skills:
 + Level 1.3 Fighting
 - Level 1.7 Dodging
 + Level 2.9 Unarmed Combat
 + Level 2.0 Spellcasting
 + Level 2.1 Transmutations


You had 2 spell levels left.
You knew the following spells:

 Your Spells              Type           Power      Damage    Failure   Level
a - Beastly Appendage     Tmut           12%        N/A       11%         1
b - Wereblood             Tmut           6%         N/A       16%         2

Your spell library contained the following spells:

 Spells                   Type           Power      Damage    Failure   Level
 Spider Form              Tmut/Pois      4%         N/A       43%         3
 Ice Form                 Ice/Tmut       4%         N/A       85%         4


Dungeon Overview and Level Annotations

Branches:
Dungeon (2/15)

Annotations:
D:2 Sigmund


Innate Abilities, Weirdness & Mutations

You have an increased reservoir of magic. (+10% MP)
You shall have no god before yourself.
Your divine heritage dramatically boosts your attributes as you level up.


Message History

There was something very wrong with that liquid.
You feel weakened.
You feel dopey.
You feel clumsy. Sigmund gestures at you while chanting.
The magic dart hits you but does no damage.
It was a potion of heal wounds.
You feel much better.
Sigmund screams, "You will never...
NEVER!!!"
Sigmund hits you but does no damage.
Casting: Beastly Appendage (safe; 11% risk of failure)
Confirm with . or Enter, or press ? or * to list all spells.
Your blood is infused with primal strength.
Sigmund hits you from afar with a +5 scythe of flaming.
Sigmund burns you.
Unknown command.
Okay, then.
Okay, then.
As you read the scroll labelled AVOIKI DAIX, it crumbles to dust.
A profound silence engulfs you.
It was a scroll of silence.
Sigmund hits you but does no damage.
Magic scrolls do not work when you're silenced!
Unknown command.
Sigmund hits you but does no damage.
Your transformation is almost over.
Sigmund hits you but does no damage. Sigmund hits you but does no damage.
Sigmund hits you from afar with a +5 scythe of flaming!
Sigmund burns you.
* * * LOW HITPOINT WARNING * * *
Sigmund hits you but does no damage.
Sigmund hits you from afar with a +5 scythe of flaming.
* * * LOW HITPOINT WARNING * * *
Sigmund burns you.
* * * LOW HITPOINT WARNING * * *
Sigmund hits you but does no damage.
You feel less wooden.
Your +1 pair of gloves unmelds from your body.
Your +0 robe unmelds from your body.
Sigmund hits you from afar with a +5 scythe of flaming.
* * * LOW HITPOINT WARNING * * *
Sigmund burns you.
You die...

####### #### ....?..
..... ....... ......
.......######......
...............>...
..........###......
#....@.@...........# ..
#................... ..
#................... #.#
.............##.###.##.#
##......................
##.###.......#.##......
#.###.......#.##......
..................<...
..........##...#.....


You could see Sigmund.

Vanquished Creatures
  A dart slug (D:1)
  3 endoplasms (D:1)
  A hobgoblin (D:1)
  2 kobolds (D:1)
  2 quokkas (D:1)
  2 ball pythons (D:1)
  5 bats (D:1)
  A frilled lizard (D:1)
  A rat (D:1)
18 creatures vanquished.

Vanquished Creatures (others)
  A plant (D:1)
1 creature vanquished.

Grand Total: 19 creatures vanquished

Notes
Turn   | Place    | Note
-------+----------+-------------------------------------------
     0 | D:1      | kae the Demigod Transmuter began the quest for the Orb.
     0 | D:1      | Reached XP level 1. HP: 15/15 MP: 5/5
    70 | D:1      | Reached skill level 1 in Fighting
   364 | D:1      | Reached XP level 2. HP: 15/23 MP: 5/7
   367 | D:1      | Learned a level 2 spell: Wereblood
  1239 | D:2      | Noticed Sigmund
  1264 | D:2      | HP: 1/23 [Sigmund/+5 scythe of flaming (4)]
  1264 | D:2      | Slain by Sigmund

Illustrated notes

Levels and vault maps discovered:
D:1:      roderic_crop_circles_arrival_small, layout_basic,
          ebering_ecumenical_altar_abandoned, kennysheep_crisscross
D:2:      layout_basic, basic_altar, uniq_terence, uniq_sigmund

Skill      XL: |  1  2 |
---------------+-------+-----
Fighting       | 1 |  1.3
Transmutations | 2 |  2.1
Spellcasting   | 2 |  2.0
Dodging        | |  1.7
Unarmed Combat | |  2.9

Action                   || total
-------------------------++-------
Melee: Unarmed           ||    43
       Kick              ||     6
       Headbutt          ||     3
 Cast: Beastly Appendage ||    16
       Wereblood         ||     1
  Use: Scroll            ||     3
       Potion            ||     3
Armor: Robe              ||    15
       Skin              ||     9
Dodge: Dodged            ||    34

Table legend: (Time is in decaauts)
 A = Elapsed time spent in this place.
 B = Non-inter-level travel time spent in this place.
 C = Inter-level travel time spent in this place.
 D = Time resting spent in this place.
 E = Time spent auto-exploring this place.
 F = Levels seen in this place.
 G = Mean time per level.
                   A        B        C        D        E       F      G
               +--------+--------+--------+--------+--------+-----+--------+
         Total |   1262 |   1255 |      7 |      0 |   1048 |   2 |  631.0 |
       Dungeon |   1262 |   1255 |      7 |      0 |   1048 |   2 |  631.0 |
               +--------+--------+--------+--------+--------+-----+--------+

Top non-repeatable levels by time:
     D:1: 1195 daAuts
     D:2: 66 daAuts
